Cogmind - Beta 15 @@@ ROGUE MODE // 2025.10.08 @ 20:50:44 Player: beans Result: Destroyed by G-50 Soldier with Heavy Laser Performance ------------- Evolutions (4) 2000 Regions Visited (7) 1400 Robots Destroyed (27) 135 Value Destroyed (752) 752 Prototype IDs (12) 240 Alien Tech Used (0) 0 Bonus (2722) 2722 TOTAL SCORE: 7249 Bonus ------- Pacifist 200 High Alert Combat Kills 62 Follower Combat Kills 2024 Met Imprinter 300 Was Imprinted 300 Friendly Fire -164 Cogmind --------- Core Integrity 0/850 Matter 277/300 Energy 141/600 System Corruption 31% Temperature Cool (27) Movement Core (100) Ox1 Location -6/Factory Parts ------- > --- POWER (1) -------- (None) > --- PROPULSION (3) --- (None) > --- UTILITY (7) ------ Advanced Energy Well Core Analyzer > --- WEAPON (4) ------- CR-A16's Pointy Stick > --- INVENTORY (5) ---- Storm Laser Peak State ------------ > --- POWER ------------ Zionite Light DM Reactor > --- PROPULSION ------- Armored Leg > --- UTILITY ---------- Active Sensor Suite Core Analyzer Hardened Light Armor Plating Mobile Refinery Mk. CCLXVII Z-Drone Bay > --- WEAPON ----------- Hypervelocity Gauss Rifle Hypervelocity Gauss Rifle CR-A16's Pointy Stick > --- INVENTORY -------- Storm Laser Hypervelocity Gauss Rifle [Rating: 74] Favorites ----------- Power Zionite Light DM Reactor Engine Light Angular Momentum Engine Power Core Light Nuclear Core Reactor Zionite Light DM Reactor Propulsion Flexi-carbon Leg Treads Light Treads Leg Flexi-carbon Leg Utility Splice Drone Bay Device Splice Drone Bay Storage Huge Storage Unit Processor Core Analyzer Protection Hardened Light Armor Plating Weapon Rocket Launcher Energy Gun Heavy Laser Energy Cannon Neutron Cannon Ballistic Gun Light Assault Rifle Launcher Rocket Launcher Special Weapon Remote Datajack Piercing Weapon CR-A16's Pointy Stick Build | -11 -10 -10 -9 -9 -7 -6 -6 ------- Run | Yrd Mat Min Mat Min Zio Pro Fac Slots Evolved 8 | . . . 2 . . . 6 Power . | . . . . . . . . Propulsion 1 | . . . 1 . . . . Utility 5 | . . . . . . . 5 Weapon 2 | . . . 1 . . . 1 Parts Attached 47 | . . 6 8 2 7 1 23 Power 4 | . . 1 . . . . 3 Engine 2 | . . . . . . . 2 Core 1 | . . 1 . . . . . Reactor 1 | . . . . . . . 1 Propulsion 8 | . . 1 3 . . 1 3 Treads 3 | . . . 3 . . . . Leg 5 | . . 1 . . . 1 3 Wheel . | . . . . . . . . Hover . | . . . . . . . . Flight . | . . . . . . . . Utility 14 | . . 2 2 1 3 . 6 Device 9 | . . 2 . 1 3 . 3 Storage 3 | . . . 2 . . . 1 Processor 1 | . . . . . . . 1 Hackware . | . . . . . . . . Protection 1 | . . . . . . . 1 Artifact . | . . . . . . . . Weapon 21 | . . 2 3 1 4 . 11 Energy Gun 5 | . . . 1 . . . 4 Energy Cannon 1 | . . . . . . . 1 Ballistic Gun 10 | . . 2 2 . 3 . 3 Ballistic Cannon . | . . . . . . . . Launcher 3 | . . . . 1 . . 2 Special Weapon 1 | . . . . . . . 1 Impact Weapon . | . . . . . . . . Slashing Weapon . | . . . . . . . . Piercing Weapon 1 | . . . . . 1 . . Special Melee Weapon . | . . . . . . . . Unidentified Prototypes 12 | . . 1 . 1 1 . 9 Corrupted Parts 3 | . . . . . . . 3 System Corruption 28 | . . . . . . . 28 Parts Lost 27 | . . 1 9 . . 2 15 Power 4 | . . 1 . . . . 3 Propulsion 7 | . . . 3 . . 1 3 Utility 7 | . . . 1 . . . 6 Weapon 9 | . . . 5 . . 1 3 Highest Loss Streak 5 | . . 1 5 . . 2 4 To Critical Strikes . | . . . . . . . . Average Backups 2 | . . 3 3 5 2 2 1 Power . | . . 1 . . . . . Propulsion . | . . . 1 1 . . . Utility . | . . 1 2 3 1 . . Weapon 1 | . . . . 1 1 2 1 Tool/Special . | . . . . . . . . Unused Backups 1 | . . 1 . . . . . Power 1 | . . 1 . . . . . Propulsion . | . . . . . . . . Utility . | . . . . . . . . Weapon . | . . . . . . . . Tool/Special . | . . . . . . . . Average Slot Usage (%) 54 | . . 31 50 17 57 64 54 Treads 1 | . . . 17 . . . . Leg 7 | . . . . . 8 14 6 Device 16 | . . 9 . 7 21 22 13 Storage 1 | . . . 9 . . . 1 Processor 1 | . . . . . . . 5 Ballistic Gun 13 | . . 21 17 . 10 21 12 Launcher 6 | . . . . 9 11 6 . Piercing Weapon 3 | . . . . . 5 . 3 Peak Build Rating 74 | . . 14 11 10 31 36 74 Average Rating 28 | . . 8 6 7 24 31 49 On Entrance 10 | . . . 9 1 10 31 29 Naked Turns 108 | . 21 72 4 11 . . . Heaviest Build 85 | . . 3 85 12 25 26 53 Greatest Support 60 | 3 3 20 60 3 20 36 40 Greatest Overweight (x) 6 | . . . 4 3 6 1 5 Average Overweight (x) 1 | . . . 1 1 1 . 1 Largest Inventory Capacity 25 | 5 5 5 25 5 5 5 5 Average Capacity 6 | 5 5 5 21 5 5 5 5 Most Carried 5 | . . 5 5 5 5 5 5 Average Carried 4 | . . 3 3 5 4 5 4 Final Capacity 5 | 5 5 5 5 5 5 5 5 Final Carried 5 | . . 5 5 5 5 5 4 Class Distribution -------------------- 68% | Mutant 13% | Gunner 6% | Bomber 4% | Scavenger-Assassin 4% | Scavenger-Mutant Dominant Class ---------------- Mutant | -10/Materials Mutant | -10/Mines Mutant | -9/Materials Mutant | -9/Mines Mutant | -7/Zion Bomber | -6/Proximity Caves Mutant | -6/Factory Resources | -11 -10 -10 -9 -9 -7 -6 -6 ----------- Run | Yrd Mat Min Mat Min Zio Pro Fac Matter Collected 1186 | 131 . 124 179 20 125 124 483 Remotely . | . . . . . . . . Salvage Created 795 | . . . 424 . . 136 235 Parts 60 | . . . 41 . . 4 15 Haulers Intercepted 2 | . . . 1 . . . 1 Recyclers Shooed 4 | . . . 3 . . . 1 Parts Field Recycled . | . . . . . . . . Retrieved Matter . | . . . . . . . . Parts Self-Destructed 22 | . . . . . 4 18 . Prevented 2 | . . . . . . 2 . Kills | -11 -10 -10 -9 -9 -7 -6 -6 ------- Run | Yrd Mat Min Mat Min Zio Pro Fac Combat Hostiles Destroyed 22 | . . . 15 . . 5 2 Guns 21 | . . . 15 . . 4 2 AOE 1 | . . . . . . 1 . Classes Destroyed 6 | . . . 5 . . . 1 Worker 1 | . . . . . . . 1 Builder 2 | . . . 1 . . . 1 Hauler 2 | . . . 1 . . . 1 Swarmer 14 | . . . 10 . . 4 . Grunt 5 | . . . 3 . . . 2 Sentry 3 | . . . 2 . . 1 . Best Kill Streak 5 | . . . 5 . . 2 1 Combat Bots Only 5 | . . . 5 . . 2 1 Max Kills in Single Turn 2 | . . . 2 . . 1 1 Gunslinging 1 | . . . 1 . . . . Exploded 1 | . . . . . . 1 . Melee . | . . . . . . . . Uniques/NPCs Destroyed . | . . . . . . . . Combat | -11 -10 -10 -9 -9 -7 -6 -6 -------- Run | Yrd Mat Min Mat Min Zio Pro Fac Hostile Shots Fired 383 | . . 15 135 . . 56 177 Missed 116 | . . 6 40 . . 20 50 Hits 267 | . . 9 95 . . 36 127 Melee 3 | . . 3 . . . . . Projectile 264 | . . 6 95 . . 36 127 Critical Strikes 11 | . . . 2 . . 1 8 Damage Taken 4510 | . . 172 987 . . 633 2718 Core 1247 | . . 67 238 . . 85 857 Absorbed by Shields . | . . . . . . . . Core Remaining (%) 64 | 100 . 73 . . . 19 . Volleys Fired 134 | . . . 49 . 27 13 45 Largest 3 | . . . 3 . 2 2 2 Hottest 250 | . . . 85 . 48 58 250 Shots Fired 228 | . . . 103 . 29 26 70 Gun 216 | . . . 103 . 29 26 58 Cannon 10 | . . . . . . . 10 Launcher . | . . . . . . . . Special 2 | . . . . . . . 2 Kinetic 164 | . . . 76 . 29 26 33 Thermal 62 | . . . 27 . . . 35 Explosive . | . . . . . . . . Electromagnetic . | . . . . . . . . Robot Hit Streak 11 | . . . 11 . . 6 9 Robot Miss Streak 6 | . . . 4 . . 4 6 Penetration Max 2 | . . . . . . 1 2 Secondary Targets 4 | . . . 3 . . 1 . Max Gunslinging Chain 1 | . . . 1 . . 1 . Shots Hit Robots 121 | . . . 67 . . 14 40 Core Hits 62 | . . 3 28 . . 6 25 Critical Kills 2 | . . . . . . . 2 Critical Parts Destroyed 4 | . . . . . . . 4 Critical Strikes 9 | . . . 3 . . . 6 Burn 3 | . . . 3 . . . . Destroy 6 | . . . . . . . 6 Melee Attacks 16 | . . . . . 1 . 15 Impact . | . . . . . . . . Slashing . | . . . . . . . . Piercing 16 | . . . . . 1 . 15 Sneak Attacks 1 | . . . . . . . 1 Combat Hostiles . | . . . . . . . . Follow-up Attacks . | . . . . . . . . Damage Inflicted 2092 | . . 15 792 . . 312 973 Guns 1642 | . . . 792 . . 312 538 Cannons 301 | . . . . . . . 301 Explosions 37 | . . . . . . . 37 Melee 94 | . . . . . . . 94 Ramming 18 | . . 15 . . . . 3 Kinetic 1015 | . . . 544 . . 312 159 Thermal 965 | . . . 248 . . . 717 Explosive . | . . . . . . . . Electromagnetic . | . . . . . . . . Impact . | . . . . . . . . Slashing . | . . . . . . . . Piercing 94 | . . . . . . . 94 Highest Corruption 31 | . . 2 . . . . 31 Average Corruption 14 | . . 2 . . . . 14 Corruption Purged . | . . . . . . . . Corruption Blocked . | . . . . . . . . Effects 54 | . . 1 . . . . 53 Message Errors 7 | . . . . . . . 7 Matter Fused 16 | . . . . . . . 16 Heat Flow Errors 7 | . . . . . . . 7 Energy Discharges 7 | . . . . . . . 7 Parts Rejected 2 | . . . . . . . 2 Data Loss (minor) 7 | . . 1 . . . . 6 Misfires 2 | . . . . . . . 2 Weapon Failures 6 | . . . . . . . 6 Overload Shots . | . . . . . . . . Overflow Damage 29 | . . . . . . . 29 Projectiles 29 | . . . . . . . 29 Explosions . | . . . . . . . . Melee . | . . . . . . . . Knockbacks . | . . . . . . . . Impact . | . . . . . . . . Kinetic . | . . . . . . . . Secondary . | . . . . . . . . Self-Inflicted Damage 7 | . . 6 . . . . 1 Shots . | . . . . . . . . Rammed 9 | . . 5 . . . . 4 Targets Rammed 9 | . . 5 . . . . 4 Kicked . | . . . . . . . . Crushed . | . . . . . . . . Highest Temperature 324 | . . . 157 . . 3 324 Average Temperature 83 | . . . 40 . . 3 100 Received Heat Transfer 1408 | . . . 276 . . 78 1054 Effects 5 | . . . . . . . 5 Energy Bleed 1 | . . . . . . . 1 Interference 4 | . . . . . . . 4 Siege Activations . | . . . . . . . . Martial Activations . | . . . . . . . . Shielding Activations . | . . . . . . . . Robots Disrupted . | . . . . . . . . Combat Hostiles . | . . . . . . . . Robots Corrupted . | . . . . . . . . Combat Hostiles . | . . . . . . . . Parts Fried . | . . . . . . . . Impact Corruptions . | . . . . . . . . Robots Melted . | . . . . . . . . Combat Hostiles . | . . . . . . . . Parts Melted . | . . . . . . . . Heat Transferred 1557 | . . . 814 . . . 743 Parts Sabotaged . | . . . . . . . . Parts Stolen . | . . . . . . . . Parts Stripped . | . . . . . . . . Power Chain Reactions 1 | . . . . . . . 1 Alert | -11 -10 -10 -9 -9 -7 -6 -6 ------- Run | Yrd Mat Min Mat Min Zio Pro Fac Maximum Alert Level 5 | . . . . . . . 5 Low Security (%) 43 | 100 100 100 100 100 . . . Level 1 7 | . . . . . . . 12 Level 2 14 | . . . . . . . 24 Level 3 19 | . . . . . . . 34 Level 4 9 | . . . . . . . 15 Level 5 7 | . . . . . . . 12 High Security . | . . . . . . . . Max Security . | . . . . . . . . Peak Influence 1763 | . . 74 105 7 . . 1763 Initial 248 | . . . . 7 . . 248 Average 489 | . . 15 53 . . . 834 Influence Increases 3566 | . . 89 403 . . 724 2350 Destroy 0b10 Robot/C 1580 | . . 60 300 . . 360 860 Destroy 0b10 Robot/NC 75 | . . . 10 . . . 65 Destroy Leader 298 | . . 10 62 . . 30 196 Allied During Kill 907 | . . 4 . . . 334 569 Disable Machine 255 | . . . 15 . . . 240 Destroy Structure 131 | . . . 1 . . . 130 Lose Combat Pursuer 120 | . . 15 15 . . . 90 Active Sensor Use 200 | . . . . . . . 200 Influence Decreases 1849 | . . 89 383 20 . 329 1028 Entered New Map 160 | . . . . 13 . . 147 Time Decay 1234 | . . 74 293 7 . 289 571 Lost Part 260 | . . . 90 . . 20 150 Lost Ally 195 | . . 15 . . . 20 160 Squads Dispatched 22 | . . . 3 . . 1 18 Investigation 5 | . . . 1 . . . 4 Extermination 4 | . . . . . . . 4 Reinforcement 9 | . . . 2 . . . 7 Assault 4 | . . . . . . 1 3 Garrison . | . . . . . . . . Intercept . | . . . . . . . . Searches Triggered . | . . . . . . . . Construction Impeded 4 | . . . . . . . 4 Haulers Reinforced . | . . . . . . . . Active Scanning Responses 2 | . . . . . . . 2 Cargo Convoy Interrupts . | . . . . . . . . Stealth | -11 -10 -10 -9 -9 -7 -6 -6 --------- Run | Yrd Mat Min Mat Min Zio Pro Fac Distress Signals 4 | . . . 3 . . . 1 Communications Jammed . | . . . . . . . . Distress Signals . | . . . . . . . . Times Spotted 106 | . . 12 24 . 1 19 50 Peak Tracking Total 9 | . . 4 8 . 1 9 9 Tactical Retreats 9 | . . 3 1 . . . 5 Traps | -11 -10 -10 -9 -9 -7 -6 -6 ------- Run | Yrd Mat Min Mat Min Zio Pro Fac Traps Triggered 3 | . . . 1 . . . 2 Indirectly . | . . . . . . . . Trap Hack Attempts . | . . . . . . . . Triggered . | . . . . . . . . Disarmed . | . . . . . . . . Reprogrammed . | . . . . . . . . Reused . | . . . . . . . . Traps Extracted . | . . . . . . . . Installed . | . . . . . . . . Triggered . | . . . . . . . . Machines | -11 -10 -10 -9 -9 -7 -6 -6 ---------- Run | Yrd Mat Min Mat Min Zio Pro Fac Machines Disabled 17 | . . . 1 . . . 16 Max in Single Turn 1 | . . . 1 . . . . Machines Repaired . | . . . . . . . . Machines Dismantled . | . . . . . . . . Machines Sabotaged . | . . . . . . . . Overloaded Fab Kills . | . . . . . . . . Hacking | -11 -10 -10 -9 -9 -7 -6 -6 --------- Run | Yrd Mat Min Mat Min Zio Pro Fac Machines Accessed 2 | . . . . 1 . . 1 Terminals . | . . . . . . . . Fabricators . | . . . . . . . . Repair Stations 1 | . . . . . . . 1 Recycling Units . | . . . . . . . . Scanalyzers . | . . . . . . . . Garrison Access . | . . . . . . . . Total Hacks 3 | . . . . 1 . . 2 Successful 1 | . . . . 1 . . . Failed 2 | . . . . . . . 2 Catastrophic 1 | . . . . . . . 1 Database Lockouts . | . . . . . . . . Manual 24 | . . . . . 2 . 22 Terminals . | . . . . . . . . Fabricators . | . . . . . . . . Repair Stations 2 | . . . . . . . 2 Recycling Units . | . . . . . . . . Scanalyzers . | . . . . . . . . Garrison Access . | . . . . . . . . Terminal Hacks 1 | . . . . 1 . . . Open Door 1 | . . . . 1 . . . Fabricator Hacks . | . . . . . . . . Repair Station Hacks . | . . . . . . . . Recycling Unit Hacks . | . . . . . . . . Scanalyzer . | . . . . . . . . Garrison Access Hacks . | . . . . . . . . Unauthorized Hacks . | . . . . . . . . Terminals . | . . . . . . . . Fabricators . | . . . . . . . . Repair Stations . | . . . . . . . . Recycling Units . | . . . . . . . . Scanalyzers . | . . . . . . . . Garrison Access . | . . . . . . . . Data Cores Recovered . | . . . . . . . . Used . | . . . . . . . . Hacking Detections 1 | . . . . . . . 1 Full Trace Events 1 | . . . . . . . 1 Feedback Events . | . . . . . . . . Feedback Blocked . | . . . . . . . . Robot Schematics Acquired 3 | . . . . . 3 . . Robots Built . | . . . . . . . . Authchips . | . . . . . . . . Time . | . . . . . . . . Total Robot Build Rating . | . . . . . . . . Part Schematics Acquired 14 | . . . . . 14 . . Parts Built . | . . . . . . . . Authchips . | . . . . . . . . Time . | . . . . . . . . Total Part Build Rating . | . . . . . . . . Parts Repaired . | . . . . . . . . Time . | . . . . . . . . Parts Recycled . | . . . . . . . . Recycled Matter . | . . . . . . . . Retrieved Matter . | . . . . . . . . Retrieved Components . | . . . . . . . . Parts Scanalyzed . | . . . . . . . . Part Schematics Acquired . | . . . . . . . . Parts Damaged . | . . . . . . . . Bothacking | -11 -10 -10 -9 -9 -7 -6 -6 ------------ Run | Yrd Mat Min Mat Min Zio Pro Fac Used RIF Installer . | . . . . . . . . Robots Hacked 1 | . . . . . . . 1 Non-combat . | . . . . . . . . Combat 1 | . . . . . . . 1 Robot Hacks Applied 1 | . . . . . . . 1 parse_system 1 | . . . . . . . 1 Relay Couplers Released . | . . . . . . . . Fabnet Peak Effective % . | . . . . . . . . Robots Rewired . | . . . . . . . . Allies Hacked 1 | . . . . . . . 1 Hacks Repelled . | . . . . . . . . Allies | -11 -10 -10 -9 -9 -7 -6 -6 -------- Run | Yrd Mat Min Mat Min Zio Pro Fac Total Allies 17 | . . 3 . . 6 . 8 Largest Group 8 | . . 3 . . 6 6 8 Highest-Rated Group 607 | . . 40 . . 346 346 607 Highest-Rated Ally 96 | . . 16 . . 96 96 96 Zionite Dispatches 4 | . . . . . . . 4 Heavy 1 | . . . . . . . 1 Light 2 | . . . . . . . 2 Recon 1 | . . . . . . . 1 Total Orders 2 | . . . . . . 1 1 RETURN 2 | . . . . . . 1 1 Ally Attacks 265 | . . 16 . . 2 62 185 Total Damage 8729 | . . 174 . . 45 1543 6967 Kills 70 | . . 4 . . . 13 53 Allies Corrupted . | . . . . . . . . Allies Melted . | . . . . . . . . Intel | -11 -10 -10 -9 -9 -7 -6 -6 ------- Run | Yrd Mat Min Mat Min Zio Pro Fac Active Infowar (turns) 384 | . . . . . . . 384 A.S.S. 384 | . . . . . . . 384 Robot Analysis Total . | . . . . . . . . Derelict Logs Recovered 5 | . . 1 . . 1 3 . Drone Launches 15 | . . . . . . 11 4 Drone Recoveries 11 | . . . . . . 7 4 Zionite Intel Received 1 | . . . . . . . 1 Main Access 1 | . . . . . . . 1 Exploration | -11 -10 -10 -9 -9 -7 -6 -6 ------------- Run | Yrd Mat Min Mat Min Zio Pro Fac Turns Passed 7200 | 11 21 365 717 202 3311 835 1738 Spaces Moved 3606 | 22 42 421 205 132 1658 450 676 Core 922 | 22 42 420 43 132 250 . 13 Treads 162 | . . . 162 . . . . Legs 2522 | . . 1 . . 1408 450 663 Wheels . | . . . . . . . . Hover . | . . . . . . . . Flight . | . . . . . . . . Fastest Speed 50 | 50 50 50 50 50 120 120 120 Average Speed 172 | 50 50 50 265 148 183 164 213 Slowest Speed 480 | 50 50 120 480 200 350 190 330 Overloaded Moves . | . . . . . . . . Propulsion Burnouts . | . . . . . . . . Robots Hopped . | . . . . . . . . Potential Cave-ins 1 | . . . . . . . 1 Cave-ins Triggered 1 | . . . . . . . 1 Exploration Rate (%) 45 | 3 13 77 27 56 88 77 21 Regions Visited 7 Branch Regions 4 Pre-discovered Areas 1 | . . 1 . . . . . Known Exits Taken . | . . . . . . . . Unknown Exits Taken 7 | 1 1 1 1 1 1 1 . Scrap Searched 6 | . . 1 . 1 2 2 . Spaces Dug 12 | . . . . . . . 12 Terrain Destroyed 19 | . . . . . . . 19 Melee 12 | . . . . . . . 12 Projectile 4 | . . . . . . . 4 AOE 3 | . . . . . . . 3 Terrain Rammed . | . . . . . . . . Walls Destroyed . | . . . . . . . . Machines Disabled . | . . . . . . . . Actions | -11 -10 -10 -9 -9 -7 -6 -6 --------- Run | Yrd Mat Min Mat Min Zio Pro Fac Total 4342 | 21 41 574 294 137 1900 519 856 Wait 474 | . . 130 25 4 197 53 65 Move 3599 | 21 41 420 204 131 1657 449 676 Hop . | . . . . . . . . Pick Up 21 | . . 8 5 . 3 . 5 Fast Attach 35 | . . 2 2 2 3 2 24 Attach 18 | . . 5 6 . 1 . 6 Detach 7 | . . 3 2 . . . 2 Swap 6 | . . . . . 5 1 . Drop 23 | . . 1 1 . 6 1 14 Fire 134 | . . . 49 . 27 13 45 Melee 16 | . . . . . 1 . 15 Ram 9 | . . 5 . . . . 4 Kick . | . . . . . . . . Crush . | . . . . . . . . Escape Stasis . | . . . . . . . . Rewire . | . . . . . . . . Trap . | . . . . . . . . Miscellaneous . | . . . . . . . . Route ------- -11/Scrapyard -10/Materials -10/Mines -9/Materials (discovered 3 exits: *Min x2 / [*Sto]) -9/Mines (discovered 2 exits: [*Mat] / *Zio) -7/Zion -6/Proximity Caves -6/Factory (discovered 5 exits: Fac x4 / Ext) History --------- Turn | Location | Event 3 | -11/Scrapyard | Discovered new exit (range 15) 12 | -11/Scrapyard | Entered Materials 26 | -10/Materials | Discovered new exit (range 14) 33 | -10/Materials | Entered Mines 48 | -10/Mines | Found a damaged Exp. Sensor Array with a note attached 49 | -10/Mines | Found Prototype Device 87 | -10/Mines | Assisted by bots powering up and referring to "LRC-V3" 118 | -10/Mines | Identified Exp. Sensor Array 208 | -10/Mines | Assembled infested the area 213 | -10/Mines | Assisted by a Guerilla fighting off Assembled 309 | -10/Mines | Build established: Mutant 391 | -10/Mines | Discovered new exit (range 13) 398 | -10/Mines | Entered Materials 398 | -9/Materials | Evolved 2 slots: Propulsion x1, Weapon x1 398 | -9/Materials | Discovered new exit (range 15) 746 | -9/Materials | Discovered new exit (range 10) 1106 | -9/Materials | Discovered new exit (range 10) 1108 | -9/Materials | Core integrity fell below 50% 1115 | -9/Materials | Entered Mines 1123 | -9/Mines | Received a Rocket Launcher from a helpful Derelict 1142 | -9/Mines | Lost 5 parts (3n2w) 1153 | -9/Mines | Met a Derelict bent on vengeance 1170 | -9/Mines | Found the Drone Emporium 1175 | -9/Mines | Found Prototype Device 1175 | -9/Mines | Identified Splice Drone Bay 1273 | -9/Mines | Discovered new exit (range 11) 1302 | -9/Mines | A Derelict revealed a hidden shortcut to a safe place 1317 | -9/Mines | Entered Zion 1909 | -7/Zion | Given A8's code to call for help 2003 | -7/Zion | Met Imprinter 2023 | -7/Zion | Imprinted 2025 | -7/Zion | Declared Zion's savior 2105 | -7/Zion | Found Prototype Device 2106 | -7/Zion | Identified Mobile Refinery Mk. CCLXVII 2392 | -7/Zion | Found Prototype Energy Gun 2482 | -7/Zion | Learned Factory emergency access door positions 2683 | -7/Zion | Build established: Gunner 2767 | -7/Zion | Discovered new exit (range 7) 2910 | -7/Zion | Found CR-A16's Pointy Stick 3241 | -7/Zion | Build established: Mutant 4309 | -7/Zion | Enhanced Grunt warped into view, answering call for help 4310 | -7/Zion | Enhanced Grunt warped into view, answering call for help 4628 | -7/Zion | Entered Proximity Caves 4628 | -6/Proximity Caves | Accompanied by 6 allies 4920 | -6/Proximity Caves | Learned Factory terminal intel 4945 | -6/Proximity Caves | Build established: Bomber 5100 | -6/Proximity Caves | Attracted the attention of an 0b10 outpost 5185 | -6/Proximity Caves | Lost 5 allies 5220 | -6/Proximity Caves | Attracted the attention of an 0b10 checkpoint 5221 | -6/Proximity Caves | Core integrity fell below 20% 5279 | -6/Proximity Caves | Learned Factory trap positions 5398 | -6/Proximity Caves | Discovered new exit (range 11) 5399 | -6/Proximity Caves | Build established: Mutant 5463 | -6/Proximity Caves | Entered Factory 5463 | -6/Factory | Accompanied by 4 allies 5463 | -6/Factory | Evolved 6 slots: Utility x5, Weapon x1 5464 | -6/Factory | Identified exit to Extension 5465 | -6/Factory | Loaded intel: 94 trap records 5465 | -6/Factory | Identified Storm Laser 5467 | -6/Factory | Loaded intel: 28 terminal locations 5762 | -6/Factory | Zion Light squad teleported in 5858 | -6/Factory | Zion Heavy squad teleported in 6157 | -6/Factory | P-60 Hacker assimilated allied IP-V43(M) 6276 | -6/Factory | Retrieved Zion intel report: Main Access 6276 | -6/Factory | Identified exit to Factory 6277 | -6/Factory | Zion Recon squad teleported in 6450 | -6/Factory | System corruption reached 10% 6477 | -6/Factory | System corruption reached 30% 6513 | -6/Factory | First assault squad dispatched 6561 | -6/Factory | Crushed by falling debris 6689 | -6/Factory | Found Prototype Device 6689 | -6/Factory | Identified Active Sensor Suite 6762 | -6/Factory | Zion Light squad teleported in 6765 | -6/Factory | Lost 3 allies 6778 | -6/Factory | Lost 4 parts (3u1w) 7011 | -6/Factory | Terminal network hard line cut 7014 | -6/Factory | Lost 3 parts (1p1n1w) 7088 | -6/Factory | Build established: Scavenger-Assassin 7174 | -6/Factory | Core integrity fell below 50% 7181 | -6/Factory | Lost 3 allies 7196 | -6/Factory | Core integrity fell below 20% 7201 | -6/Factory | Destroyed by G-50 Soldier with Heavy Laser Last Messages --------------- Jacked G-50 Soldier... >>parse_system Reading system data... Dropped Broken Hyp. Gauss Rifle. Flexi-carbon Leg destroyed. Dropped Flexi-carbon Leg. Dropped Hvy. Laser. System corrupted: Heat flow error (+290). Dropped Remote Datajack. Slammed into G-50 Soldier. Slammed into T-07 Excavator. Active Sensor Suite broken. Destabilizing: Short circuit. System corrupted: Matter fused (-8). C-30 ARC bursts open, deploying its payload. G-67 Veteran unfolds itself. G-50 Soldier unfolds itself. M-28 Smith unfolds itself. System corrupted: Matter fused (-6). Broken Active Sensor Suite destroyed. Map ----- +----------------------------------------------------+ | ????????????????????????? ! #????? | | ?????????????????????????? #######* #????? | | ???????????????###########?# ##########+#####??? | | ???????????????? ?# # %% # #??? | | ??????????????? #% %# % # #??? | | ??????????????# # / % # ##?? | | ??????????????# # =# # #?? | | ??????????????# + # # #?? | | ??????????????# # # # ##?? | | ??????????????# # ### # #?? | | ??????????????# = # ### # #?? | | ??????????????# # #?# # #?? | | ??????????????# #%#?# # ##?? | | ??????????????+ #[### ! # #?? | | ??????????????# ?#=[ /% # ##?? | | ??????????????########+##??#|####################? | | ????????????????????????####!#??# ? | | ??????????????????????+?# *#??# # | | ????????????????????????# #??# # | | ????????????????????????# u #### # | | ????????????????????????# u + + | | ????????????????????????#m####### # | | ????????????????????????#g#?????# # | | ????????????????????????#g##????# # | | ???????????????????????##gg#????# # | | ????????????????###+####;@#?????###+#####+######## | | ?????????# "% gg g;#??????# #?# #????? | | ????????? ######????###+### #????? | | ????????? k ????????????# ## #????? | | ?????????? ??????????????# !## +????? | | ???????????? ????????????????# ## #????? | | ???????????? ??????????????????# ## #????? | | ????????????????????????????????+ ## ##???? | | ????????????????????????????????# # #???? | | ????????????????????????????????#] + #???? | | ????????????????????????????????# # #???? | | ????????????????????????????????# # #???? | | ????????????????????????????????###### #???? | | ?????????????????????????????????????# #???? | | ????????????^????????????????????????# !%!! #???? | | ???????????????????????????#?????????###%%!###???? | | ???????????????????????????# ??????????#[=!#?????? | | ???????????????????????????# ????????##** #?????? | | ???????????????????????????# ??????###*%%#?##### | | ?????????????????????????### #?????###%**### | | ?????????????????????##### ???##[=!!=! # | | ????????????????????? #####=%== #* | | ???????????????????? !=! # * | | ???????????????????? %= % * %+*% | | ???????????????????? ! != [=%# = " | +----------------------------------------------------+ Best States ------------- Heat Dissipation 63 Energy Generation 27 Energy Capacity 650 Matter Stores 300 Matter Capacity 300 Sight Range 16 Robot Scan Range 20 Terrain Scan Density 10 Armor Coverage 150 Resistance: EX 25 Phase Shifting 5 Evasion (%) 55 Core Analysis 6 Recoil Reduction 3 Item Schematics ----------------- Adv. Heat Sink | -7/Zion | Archive Remote Datajack | -7/Zion | Archive Imp. Carbon-fiber Leg | -7/Zion | Archive Gauss Rifle | -7/Zion | Archive Imp. Medium Armor Plating | -7/Zion | Archive Adv. Melee Analysis Suite | -7/Zion | Archive Spear | -7/Zion | Archive Imp. Actuator Array | -7/Zion | Archive Adv. Sensor Array | -7/Zion | Archive Imp. Plasma Cutter | -7/Zion | Archive Imp. Field Recycling Unit | -7/Zion | Archive Imp. Core Shielding | -7/Zion | Archive Imp. Kinecellerator | -7/Zion | Archive HERF Cannon | -7/Zion | Archive Robot Schematics ------------------ S-27 Virus | -7/Zion | Archive K-01 Serf | -7/Zion | Archive B-48 Gladiator | -7/Zion | Archive Fabricated ------------ Nothing Repaired ---------- Nothing Alien Tech Used ----------------- None Achievements -------------- None Challenges ------------ None Game ------ Seed MissileTrackerFlightbrick Manual? 0 Play Time 00:45:32 Cumulative 177.0 hours Start 2025.10.08 @ 19:43:16 End 2025.10.08 @ 20:50:44 Sessions 2 Manual Loads 0 Difficulty Rogue Special Mode None Game No. 543 Rogue 542 Adventurer 1 Explorer 0 Win Type - Total 0 Types 0/0/0/0/0/0/0/0/0/0 Lore% 61 Gallery% 58 Achievement% 44 Wizard Run 0 Options --------- Layout 1 ASCII 0 Keyboard 0 Movement Mouse Keybinds 0 Fullscreen 1 Font 24/Smallcaps Map View 50x35 Zoom Use 0% Tactical HUD 0 Map Filters NONE Filters NONE Steam 1 RUN: 39730cba-7464-4c5b-b1b4-cee2f6058c55